 Dungeon Crawl Stone Soup version 0.27.1-3-gb3d3a73c9e (webtiles) character file.

Game seed: 12283790401324730304

1 Descartes the Gusty (level 1, -1/7 HPs)
             Began as a Felid Wanderer on Oct 16, 2021.
             Slain by a jackal (2 damage)
             ... on level 1 of the Dungeon.
             The game lasted 00:00:47 (14 turns).

Descartes the Gusty (Felid Wanderer)                  Turns: 14, Time: 00:00:48

Health: -1/7       AC:  1    Str:  7    XL:     1   Next: 16%
Magic:  2/2        EV: 15    Int: 13    God:
Gold:   0          SH:  0    Dex: 16    Spells: 0/0 levels left
                                        Lives:  0   Deaths: 0

rFire    . . .     SeeInvis +   (weapon unavailable)
rCold    . . .     Faith    .   (shield unavailable)
rNeg     . . .     Spirit   .   (armour unavailable)
rPois    .         Reflect  .   (helmet unavailable)
rElec    .         Harm     .   (cloak unavailable)
rCorr    .         Rampage  .   (gloves unavailable)
Will     .....                  (boots unavailable)
Stlth    ++........             (no amulet)
HPRegen  0.02/turn              (no ring)
MPRegen  0.08/turn              (no ring)

@: quick
A: very small, claws 1, fangs 3, see invisible, speed 1, shaggy fur 1, stealthy
paws, no weapons or thrown items, no armour, multi-lived
a: no special abilities


You were on level 1 of the Dungeon.
You visited 1 branch of the dungeon, and saw 1 of its levels.

Inventory:

Potions
 a - a potion of lignification


   Skills:
 + Level 0.1 Dodging
 + Level 1.4 Stealth
 + Level 0.0 Spellcasting
 + Level 1.8 Conjurations
 - Level 2.0 Summonings
 - Level 2.6 Air Magic
 - Level 1.0 Earth Magic
 - Level 1.1 Evocations


You couldn't memorise any spells.
You didn't know any spells.
Your spell library contained the following spells:

 Spells                   Type           Power      Damage    Failure   Level
 Magic Dart               Conj           16%        1d3       14%         1
 Summon Small Mammal      Summ           20%        N/A       14%         1
 Searing Ray              Conj           8%         3d3       22%         2
 Call Canine Familiar     Summ           5%         N/A       38%         3
 Dazzling Flash           Conj/Hex       4%         N/A       54%         3
 Fulminant Prism          Conj/Hex       1%         3d6       91%         4
 Iskenderun's Mystic Bla  Conj/Tloc      2%         2d3       91%         4


Dungeon Overview and Level Annotations

Branches:
Dungeon (1/15)

Altars:


Innate Abilities, Weirdness & Mutations

You have sharp claws.
You have razor-sharp teeth.
You have supernaturally acute eyesight. (SInv)
You cover ground quickly. (Speed+)
You are covered in fur. (AC +1)
Your paws help you pounce on unaware monsters.
You are incapable of wielding weapons or throwing items.
You cannot wear armour.
You gain extra lives every three experience levels.


Message History

Found a dagger.
Found a staircase leading out of the dungeon.
You begin with the following items: a potion of lignification; and the following spells available to memorise: Summon Small Mammal, Magic Dart, Searing Ray, Call Canine Familiar, Dazzling Flash, Fulminant Prism, Iskenderun's Mystic Blast.
Okay, then.
You don't know any spells.
Okay, then.
Okay, then.
Found 2 scrolls labelled EZIGEBL PUGIHU.
Found a grey potion.
A jackal comes into view.
You don't know any spells.
Unknown command.
You don't know any spells.
Unknown command.
You don't know any spells.
Unknown command.
A jackal comes into view.
A jackal comes into view.
Found 13 gold pieces.
A jackal comes into view.
The jackal barks! x2
The jackal bites you.
You barely miss the jackal. The jackal completely misses you.
The jackal barks!
You scratch the jackal.
The jackal is severely wounded.
The jackal bites you.
You scratch the jackal.
You kill the jackal!
The jackal bites you but does no damage.
You scratch the jackal but do no damage.
You bite the jackal, but do no damage. The jackal barely misses you.
You scratch the jackal but do no damage.
The jackal closely misses you. x2
You closely miss the jackal. The jackal completely misses you.
The jackal pauses to sniff the ground.
The jackal bites you. x2
* * * LOW HITPOINT WARNING * * *
The jackal completely misses you. The jackal bites you.
You die...

........#....
...........###. ..
#..?......... .....
#.......... .....
#......!.# .....#
##....)...#
......###.........##
................h..#
#.........###@h..#
##.......## ##h..#
#...<...# .......
#.......# ...##..
#.........# ..$.. .
...............
..###.
......###...... ...
. .....# ##.........
..... ......


You could see 3 jackals.

Vanquished Creatures
  A jackal (D:1)
1 creature vanquished.

Notes
Turn   | Place    | Note
-------+----------+-------------------------------------------
     0 | D:1      | Descartes the Felid Wanderer began the quest for the Orb.
     0 | D:1      | Descartes set off with the following items: a potion of
                  | lignification; and the following spells available to
                  | memorise: Summon Small Mammal, Magic Dart, Searing Ray,
                  | Call Canine Familiar, Dazzling Flash, Fulminant Prism,
                  | Iskenderun's Mystic Blast
     0 | D:1      | Reached XP level 1. HP: 7/7 MP: 2/2
    14 | D:1      | Slain by a jackal

Illustrated notes

Levels and vault maps discovered:
D:1:      minmay_arrival_four_circles, layout_basic,
          dilly_ecumenical_altar_fadedgnrine, minmay_tromino_i2

Action                   || total
-------------------------++-------
Melee: Unarmed           ||     6
       Bite              ||     1
Armor: Skin              ||     1
Dodge: Dodged            ||     6
